[Event "December 19 Early 2023"]
[Site "https://www.chess.com"]
[Date "2023.12.19"]
[Round "1"]
[White "Bushonica"]
[Black "Cattaneo, Marco"]
[Result "0-1"]
[Board "248"]
[TimeControl "180+1"]
[BlackFideId "878332"]
[WhiteElo "1937"]
[BlackElo "2186"]
[BlackTeam "ITA"]
[WhiteClock "0:00:45"]
[BlackClock "0:01:02"]

1. e4 g6 2. d4 Bg7 3. Nf3 c6 4. Bc4 d5 5. exd5 cxd5 6. Bd3 Nc6 7. c3 Bg4 8. O-O Nf6 9. Re1 Qc7 10. h3 Bxf3 11. Qxf3 O-O 12. Qe2 Rfe8 13. Bg5 a6 14. a4 e5 15. dxe5 Nxe5 16. Na3 Neg4 17. Qxe8+ Rxe8 18. Rxe8+ Nxe8 19. hxg4 h6 20. Be3 Nf6 21. g5 Ng4 22. Re1 Qh2+ 23. Kf1 Qh1+ 24. Ke2 Qxg2 25. gxh6 Bxh6 26. Bd4 Nh2 27. Kd1 Bg7 28. Be3 Ng4 29. Bf1 Nxe3+ 30. fxe3 Qxb2 31. Nc2 Bxc3 0-1

[Event "December 19 Early 2023"]
[Site "https://www.chess.com"]
[Date "2023.12.19"]
[Round "1"]
[White "Urquhart, Ed"]
[Black "Santos, Isaque Goncalves"]
[Result "1-0"]
[Board "249"]
[TimeControl "180+1"]
[WhiteFideId "2603748"]
[BlackFideId "2103885"]
[WhiteElo "2184"]
[BlackElo "1901"]
[WhiteTeam "CAN"]
[BlackTeam "BRA"]
[WhiteClock "0:00:35"]
[BlackClock "0:00:00"]

1. e4 e6 2. d4 d5 3. Nd2 Nf6 4. e5 Nfd7 5. c3 c5 6. f4 Nc6 7. Ndf3 Qb6 8. h4 h5 9. Nh3 Ne7 10. Bd3 c4 11. Bc2 g6 12. O-O Nf5 13. Kh2 Be7 14. Nhg5 Nf8 15. b3 cxb3 16. axb3 Qc7 17. Bd2 Bd7 18. Bd3 b5 19. Qe2 a6 20. c4 bxc4 21. bxc4 Bc6 22. c5 Nh7 23. Nxh7 Rxh7 24. g3 Rh8 25. Rxa6 Rxa6 26. Bxa6 Kf8 27. Bd3 Kg7 28. Ra1 Nh6 29. Kh3 Ng4 30. Nh2 Nh6 31. Ba5 Qb7 32. Bb6 Ra8 33. Qb2 Rxa1 34. Qxa1 Nf5 35. Nf3 Ne3 36. Qa7 Ng4 37. Qxb7 Bxb7 38. Kg2 Ne3+ 39. Kf2 Ng4+ 40. Ke2 Bc6 41. Ba6 f6 42. exf6+ Bxf6 43. Ne5 Bxe5 44. fxe5 Kh6 45. Bd8 Kg7 46. Bg5 Kf7 47. Kd2 Ke8 48. Bd3 Kf7 49. Be2 Bb5 50. Bxb5 1-0

[Event "December 19 Early 2023"]
[Site "https://www.chess.com"]
[Date "2023.12.19"]
[Round "1"]
[White "Vargas, Mauricio"]
[Black "Santos Flores, Alberto"]
[Result "0-1"]
[Board "250"]
[TimeControl "180+1"]
[WhiteFideId "4404572"]
[BlackFideId "3601234"]
[WhiteElo "1982"]
[BlackElo "2229"]
[WhiteTeam "COL"]
[BlackTeam "ECU"]
[WhiteClock "0:00:00"]
[BlackClock "0:01:16"]

1. e4 e6 2. Nc3 d5 3. d3 Nf6 4. e5 Nfd7 5. f4 f6 6. Nf3 c5 7. g3 Nc6 8. exf6 Nxf6 9. Bg2 Bd6 10. O-O O-O 11. a3 Bd7 12. h3 Kh8 13. Ng5 h6 14. Nf3 e5 15. fxe5 Nxe5 16. Bf4 Nxf3+ 17. Rxf3 Bc6 18. d4 Ne4 19. Kh2 Bxf4 20. gxf4 Qh4 21. Nxe4 dxe4 22. Rf1 Rxf4 23. dxc5 Raf8 24. Rxf4 Qxf4+ 25. Kh1 e3 26. Bxc6 bxc6 27. Qg4 Qf2 28. Rg1 Rf7 29. Qc8+ Kh7 30. Qxc6 Qf5 31. Qg2 Qxc5 0-1

[Event "December 19 Early 2023"]
[Site "https://www.chess.com"]
[Date "2023.12.19"]
[Round "1"]
[White "Baziuk, Vladyslav"]
[Black "Nan M K Khine Hlyan"]
[Result "1-0"]
[Board "251"]
[TimeControl "180+1"]
[WhiteFideId "34107940"]
[BlackFideId "13002899"]
[WhiteElo "2019"]
[BlackElo "1943"]
[WhiteTeam "UKR"]
[BlackTeam "MYA"]
[WhiteClock "0:00:33"]
[BlackClock "0:00:10"]

1. e4 e5 2. Nf3 Nc6 3. Bc4 Bc5 4. c3 Nf6 5. d4 exd4 6. b4 Bb6 7. e5 d5 8. exf6 dxc4 9. Qe2+ Be6 10. b5 d3 11. Qe4 O-O 12. Ng5 g6 13. Qh4 h5 14. Ne4 Ne5 15. Qg5 Ng4 16. h3 Bxf2+ 17. Nxf2 Nxf6 18. O-O Bf5 19. Nd2 Re8 20. Nxc4 Re2 21. Be3 Ne4 22. Qxd8+ Rxd8 23. Nxe4 Bxe4 24. Rf2 Rxf2 25. Kxf2 c6 26. a4 b6 27. bxc6 Bxc6 28. Bd4 Kh7 29. g4 Be4 30. gxh5 gxh5 31. Ke3 Bg6 32. Ne5 Re8 33. Kd2 Bf5 34. Rf1 f6 35. Rxf5 fxe5 36. Rxh5+ Kg6 37. Rxe5 Rf8 38. Kxd3 Rf3+ 39. Re3 Rf1 40. a5 bxa5 41. Bxa7 a4 42. Re6+ Kf5 43. Ra6 Ra1 44. Bc5 Rh1 45. Rxa4 Rxh3+ 46. Kc4 Rh4+ 47. Bd4 Rh7 48. Ra5+ Ke6 49. Ra6+ Kf5 50. Kd5 Rd7+ 51. Rd6 Rb7 52. c4 1-0

[Event "December 19 Early 2023"]
[Site "https://www.chess.com"]
[Date "2023.12.19"]
[Round "2"]
[White "Erdogan, Anil Berk"]
[Black "Carlsen, Magnus"]
[Result "0-1"]
[Board "1"]
[TimeControl "180+1"]
[WhiteFideId "6348173"]
[BlackFideId "1503014"]
[WhiteElo "2007"]
[BlackElo "2887"]
[WhiteTeam "TUR"]
[BlackTeam "NOR"]
[WhiteClock "0:00:00"]
[BlackClock "0:01:43"]

1. e4 a6 2. a3 g6 3. d4 Bg7 4. Nc3 d6 5. f4 b5 6. Nf3 Nd7 7. Bd3 c5 8. Be3 Ngf6 9. h3 cxd4 10. Nxd4 Bb7 11. O-O O-O 12. Qe2 e5 13. Nb3 Rc8 14. f5 Rxc3 15. bxc3 Nxe4 16. fxg6 hxg6 17. Bxe4 Bxe4 18. Rad1 d5 19. Nc5 Nxc5 20. Bxc5 Re8 21. Qf2 f5 22. Bb6 Qc8 23. Qc5 Qxc5+ 24. Bxc5 Rc8 25. Bb4 Kf7 26. Rd2 Bh6 27. Re2 Bg5 28. a4 bxa4 29. Ra1 Bd8 30. Rxa4 a5 31. Ba3 Ke6 32. Bb2 g5 33. Bc1 Rxc3 34. Bb2 Rc6 35. g4 f4 36. c4 Bc7 37. cxd5+ Bxd5 38. Ra1 Bb6+ 39. Kf1 Bc4 0-1

[Event "December 19 Early 2023"]
[Site "https://www.chess.com"]
[Date "2023.12.19"]
[Round "2"]
[White "Nakamura, Hikaru"]
[Black "Nigalidze, Gaioz"]
[Result "1-0"]
[Board "2"]
[TimeControl "180+1"]
[WhiteFideId "2016192"]
[BlackFideId "13603078"]
[WhiteElo "2874"]
[BlackElo "2400"]
[WhiteTeam "USA"]
[BlackTeam "GEO"]
[WhiteClock "0:02:13"]
[BlackClock "0:00:25"]

1. Nf3 d5 2. e3 g6 3. c4 c6 4. Nc3 Nf6 5. cxd5 cxd5 6. d4 Bg7 7. Bd3 O-O 8. O-O Bg4 9. h3 Bxf3 10. Qxf3 Nc6 11. Rd1 e6 12. Bd2 Rc8 13. Rac1 Re8 14. Bf1 Qb6 15. Be1 Red8 16. Na4 Qc7 17. b4 a6 18. Nc5 Nd7 19. a3 Qb8 20. Na4 Qd6 21. Qe2 Na7 22. Nc5 Rb8 23. a4 Nb6 24. Qa2 Nc6 25. b5 axb5 26. axb5 Ne7 27. Bb4 Ra8 28. Qb1 Rdb8 29. Na6 Qd7 30. Rc7 1-0

[Event "December 19 Early 2023"]
[Site "https://www.chess.com"]
[Date "2023.12.19"]
[Round "2"]
[White "Wadsworth, Matthew J"]
[Black "Vachier-Lagrave, Maxime"]
[Result "0-1"]
[Board "3"]
[TimeControl "180+1"]
[WhiteFideId "415804"]
[BlackFideId "623539"]
[WhiteElo "2266"]
[BlackElo "2748"]
[WhiteTeam "ENG"]
[BlackTeam "FRA"]
[WhiteClock "0:00:03"]
[BlackClock "0:00:43"]

1. c4 e5 2. g3 h5 3. Nc3 h4 4. g4 d6 5. h3 f5 6. gxf5 Bxf5 7. Bg2 Nc6 8. d3 Be7 9. Nf3 Nf6 10. Bg5 Nh5 11. Bxe7 Nxe7 12. e3 Nf6 13. Qe2 c6 14. O-O-O Ng6 15. d4 e4 16. Nd2 Qe7 17. f3 exf3 18. Bxf3 O-O-O 19. Rdg1 Nf8 20. e4 Bh7 21. e5 dxe5 22. dxe5 N6d7 23. Qg2 Nxe5 24. Be4 Bxe4 25. Ndxe4 Ne6 26. Kb1 Nxc4 27. Re1 Rhe8 28. b3 Ne5 29. Rhf1 Qc7 30. Ng5 Nd4 31. Qf2 Kb8 32. Qxh4 Qa5 33. Kb2 Nd3+ 0-1

[Event "December 19 Early 2023"]
[Site "https://www.chess.com"]
[Date "2023.12.19"]
[Round "2"]
[White "Nihal Sarin"]
[Black "Gubajdullin, Alexei"]
[Result "1-0"]
[Board "4"]
[TimeControl "180+1"]
[WhiteFideId "25092340"]
[BlackFideId "4141202"]
[WhiteElo "2689"]
[BlackElo "2274"]
[WhiteTeam "IND"]
[BlackTeam "RUS"]
[WhiteClock "0:03:00"]
[BlackClock "0:00:25"]

1. a3 e5 2. c4 Nf6 3. d3 Bc5 4. Nf3 d6 5. e3 Nbd7 6. b4 Bb6 7. Bb2 a6 8. Be2 O-O 9. O-O Ng4 10. h3 Nh6 11. Nbd2 f5 12. c5 Ba7 13. Rc1 Nf7 14. Qb3 Kh8 15. cxd6 cxd6 16. Rc2 Nf6 17. Rfc1 Bd7 18. Rc7 Rb8 19. a4 Qe8 20. a5 Be6 21. Qa3 f4 22. e4 g5 23. d4 g4 24. hxg4 Nxg4 25. dxe5 dxe5 26. R7c5 Bd7 27. Qc3 Bxc5 28. bxc5 Kg8 29. Nc4 Bb5 30. Bd1 Rc8 31. Nb6 Rc6 32. Bb3 Be2 33. Nd5 Rg6 34. Nxf4 exf4 35. Qh8# 1-0

[Event "December 19 Early 2023"]
[Site "https://www.chess.com"]
[Date "2023.12.19"]
[Round "2"]
[White "Espinoza Villanueva, Rodrigo"]
[Black "Naroditsky, Daniel"]
[Result "0-1"]
[Board "5"]
[TimeControl "180+1"]
[WhiteFideId "5140188"]
[BlackFideId "2026961"]
[WhiteElo "1907"]
[BlackElo "2639"]
[WhiteTeam "MEX"]
[BlackTeam "USA"]
[WhiteClock "0:00:23"]
[BlackClock "0:00:08"]

1. d4 Nf6 2. c4 g6 3. Nc3 Bg7 4. e4 d6 5. Be2 O-O 6. Nf3 e5 7. d5 a5 8. O-O Na6 9. Be3 Ng4 10. Bg5 f6 11. Bd2 Nh6 12. Ne1 f5 13. Nd3 f4 14. a3 g5 15. b4 g4 16. f3 g3 17. c5 Qh4 18. h3 Bxh3 19. gxh3 Qxh3 20. Rf2 gxf2+ 21. Nxf2 Qg3+ 22. Kf1 axb4 23. axb4 dxc5 24. bxc5 Nxc5 25. Nb5 Rxa1 26. Qxa1 Nb3 27. Qc3 Nxd2+ 28. Qxd2 Bf6 29. Nxc7 Bh4 30. Bc4 Qxf3 31. d6+ Kh8 32. d7 Ng4 33. Qe2 Ne3+ 34. Ke1 Bxf2+ 35. Kd2 Nxc4+ 36. Qxc4 Qe3+ 37. Kc2 Qc5 38. Qxc5 Bxc5 39. Ne6 Rg8 40. Nxc5 Rd8 0-1

[Event "December 19 Early 2023"]
[Site "https://www.chess.com"]
[Date "2023.12.19"]
[Round "2"]
[White "Le, Tuan Minh"]
[Black "Ovetchkin, Roman"]
[Result "1/2-1/2"]
[Board "6"]
[TimeControl "180+1"]
[WhiteFideId "12401153"]
[BlackFideId "4119991"]
[WhiteElo "2561"]
[BlackElo "2381"]
[WhiteTeam "VIE"]
[BlackTeam "RUS"]
[WhiteClock "0:00:04"]
[BlackClock "0:00:03"]

1. d4 Nf6 2. c4 c5 3. d5 b5 4. Nd2 bxc4 5. e4 c3 6. bxc3 g6 7. Bc4 d6 8. Ngf3 Bg7 9. O-O O-O 10. h3 Ba6 11. Re1 Nfd7 12. Qc2 Qa5 13. Re3 Nb6 14. Bxa6 Qxa6 15. Rb1 Qa4 16. Qb3 Qxb3 17. axb3 N8d7 18. c4 a5 19. Bb2 Bxb2 20. Rxb2 a4 21. bxa4 Rxa4 22. Rc2 f6 23. g4 Rfa8 24. Rb3 Ra3 25. Rxa3 Rxa3 26. Kg2 Kf7 27. h4 Na4 28. g5 Ndb6 29. gxf6 exf6 30. Rc1 Rc3 31. Rb1 Rc2 32. Kg3 h5 33. Kf4 Nb2 34. Ra1 N6a4 35. Ra3 Rc3 36. Ra2 Nd3+ 37. Kg3 Ndb2 38. Kg2 Ke7 39. Kf1 Kd7 40. Kg2 Kc7 41. Ra1 Kb6 42. Kh2 Ka5 43. Rg1 Nxc4 44. Rxg6 Nxd2 45. Nxd2 Rc2 46. Nf3 Rxf2+ 47. Kg3 Re2 48. Rxf6 Nc3 49. Rh6 Nxe4+ 50. Kf4 Kb4 51. Rxh5 Nc3 52. Rg5 Re4+ 53. Kg3 Re8 54. Rg4+ Kb5 55. h5 Nxd5 56. h6 Nf6 57. Rg6 Rf8 58. Ng5 d5 59. Ne6 Rf7 60. Ng5 Rf8 61. Ne6 Rf7 62. Ng5 Rf8 1/2-1/2

[Event "December 19 Early 2023"]
[Site "https://www.chess.com"]
[Date "2023.12.19"]
[Round "2"]
[White "Karttunen, Mika"]
[Black "Niemann, Hans Moke"]
[Result "0-1"]
[Board "7"]
[TimeControl "180+1"]
[WhiteFideId "502081"]
[BlackFideId "2093596"]
[WhiteElo "2396"]
[BlackElo "2614"]
[WhiteTeam "FIN"]
[BlackTeam "USA"]
[WhiteClock "0:00:23"]
[BlackClock "0:01:23"]

1. e4 c5 2. Nf3 Nc6 3. Bb5 g6 4. Bxc6 bxc6 5. d3 Bg7 6. h3 d6 7. c3 e5 8. O-O Nf6 9. Re1 O-O 10. d4 cxd4 11. cxd4 exd4 12. Nxd4 Bb7 13. Nc3 Re8 14. Bg5 h6 15. Bh4 Qb6 16. Na4 Qa5 17. f3 c5 18. Ne2 Nxe4 19. fxe4 Rxe4 20. Bg3 Qxa4 21. Qxd6 Re6 22. Qd2 Rae8 23. Nc3 Qd4+ 24. Qxd4 cxd4 25. Rxe6 Rxe6 26. Nd1 Re2 27. Bf2 d3 28. Rc1 Rc2 29. Rb1 Re2 30. Rc1 d2 31. Rc7 Re1+ 32. Kh2 Be5+ 0-1

[Event "December 19 Early 2023"]
[Site "https://www.chess.com"]
[Date "2023.12.19"]
[Round "2"]
[White "So, Wesley"]
[Black "Chor, Kevin"]
[Result "1-0"]
[Board "8"]
[TimeControl "180+1"]
[WhiteFideId "5202213"]
[BlackFideId "2090740"]
[WhiteElo "2767"]
[BlackElo "2633"]
[WhiteTeam "USA"]
[BlackTeam "USA"]
[WhiteClock "0:00:36"]
[BlackClock "0:00:17"]

1. Nf3 c5 2. e4 g6 3. c3 Bg7 4. d4 cxd4 5. cxd4 d5 6. e5 Bg4 7. Nbd2 Nc6 8. Bb5 Qb6 9. Bxc6+ Qxc6 10. h3 Bf5 11. O-O Nh6 12. Re1 O-O 13. Nf1 Be4 14. Ng3 Nf5 15. Nxf5 Bxf5 16. Bd2 Qb6 17. Bc3 Rac8 18. Qd2 Be4 19. Ng5 Bh6 20. f4 Bxg5 21. fxg5 f6 22. exf6 exf6 23. Rf1 f5 24. Rac1 Rc6 25. Ba5 Qb5 26. Rxc6 Qxc6 27. Rc1 Qa6 28. Bb4 Rf7 29. Rc8+ Kg7 30. Qf4 Qe6 31. Qb8 Rd7 32. Rh8 Qf7 33. Rf8 Qe6 34. Rf6 1-0

[Event "December 19 Early 2023"]
[Site "https://www.chess.com"]
[Date "2023.12.19"]
[Round "2"]
[White "Bluebaum, Matthias"]
[Black "Domingo Nunez, Alejandro"]
[Result "1-0"]
[Board "9"]
[TimeControl "180+1"]
[WhiteFideId "24651516"]
[BlackFideId "22245561"]
[WhiteElo "2621"]
[BlackElo "2252"]
[WhiteTeam "GER"]
[BlackTeam "ESP"]
[WhiteClock "0:02:04"]
[BlackClock "0:01:33"]

1. d4 g6 2. c4 Bg7 3. e4 d6 4. Nc3 Nf6 5. Nf3 O-O 6. Be2 e5 7. Be3 exd4 8. Nxd4 Re8 9. f3 Nbd7 10. Qd2 Nc5 11. O-O a5 12. Rad1 Ne6 13. Nc2 Bd7 14. f4 Bc6 15. Bf3 Nc5 16. Bxc5 dxc5 17. e5 Bxf3 18. Rxf3 Ng4 19. Rd3 Qc8 20. Rd7 Nh6 21. Qd5 b6 22. Qc6 Nf5 23. Rxc7 Qa6 24. Nb5 a4 25. Ra7 Qc8 26. Qxc8 Raxc8 27. Rdd7 Bh6 28. g4 Ng7 29. g5 1-0

[Event "December 19 Early 2023"]
[Site "https://www.chess.com"]
[Date "2023.12.19"]
[Round "2"]
[White "Graca, Robert"]
[Black "Pranav, V"]
[Result "0-1"]
[Board "10"]
[TimeControl "180+1"]
[WhiteFideId "644943"]
[BlackFideId "25060783"]
[WhiteElo "2204"]
[BlackElo "2562"]
[WhiteTeam "FRA"]
[BlackTeam "IND"]
[WhiteClock "0:00:05"]
[BlackClock "0:00:47"]

1. Nf3 d5 2. d4 c5 3. c4 e6 4. cxd5 exd5 5. Nc3 Nf6 6. g3 Nc6 7. Bg2 Be7 8. O-O O-O 9. Bg5 c4 10. Ne5 Be6 11. b3 h6 12. Nxc6 bxc6 13. Bd2 cxb3 14. axb3 Qd7 15. Re1 Rfe8 16. Rc1 Bh3 17. Bh1 Ba3 18. Ra1 Bd6 19. Rc1 Qf5 20. Na4 Rac8 21. Nc5 Bxc5 22. dxc5 Ne4 23. Be3 Rb8 24. Bd4 a5 25. Qd3 Qe6 26. Ra1 Rb5 27. Rec1 Bf5 28. Qe3 Qd7 29. Qf3 Ng5 30. Qc3 Rxe2 31. Kf1 Qe6 32. Bxg7 Bh3+ 33. Kg1 Bg4 34. Bd4 Rb4 35. Be3 d4 36. Bxd4 Nh3+ 37. Kf1 Qf5 38. f4 Rxh2 39. Bxc6 Nxf4 40. gxf4 Qxf4+ 41. Kg1 Rxd4 42. Rxa5 Qf2# 0-1

[Event "December 19 Early 2023"]
[Site "https://www.chess.com"]
[Date "2023.12.19"]
[Round "2"]
[White "Mamedyarov, Shakhriyar"]
[Black "Boyer, Mahel"]
[Result "1-0"]
[Board "11"]
[TimeControl "180+1"]
[WhiteFideId "13401319"]
[BlackFideId "45102422"]
[WhiteElo "2716"]
[BlackElo "2449"]
[WhiteTeam "AZE"]
[BlackTeam "FRA"]
[WhiteClock "0:01:26"]
[BlackClock "0:00:01"]

1. Nf3 d5 2. e3 Nf6 3. c4 e6 4. b3 Bd6 5. Bb2 O-O 6. Nc3 Re8 7. Qc2 a6 8. g4 dxc4 9. bxc4 e5 10. g5 Nfd7 11. O-O-O Nc6 12. h4 Nc5 13. d4 exd4 14. exd4 Nb4 15. dxc5 Nxc2 16. Kxc2 Bg4 17. Bg2 Qd7 18. cxd6 Qf5+ 19. Rd3 cxd6 20. Nd4 Qxf2+ 21. Rd2 Bf5+ 22. Kc1 Re1+ 23. Nd1 Rxd1+ 24. Rhxd1 Qf4 25. Rf1 Qxh4 26. Nxf5 Qxc4+ 27. Kb1 Re8 28. Rc1 Qb4 29. Re2 Rxe2 30. Rc8+ Re8 31. Rxe8# 1-0

[Event "December 19 Early 2023"]
[Site "https://www.chess.com"]
[Date "2023.12.19"]
[Round "2"]
[White "Omelja, Artem"]
[Black "Suleymanli, Aydin"]
[Result "0-1"]
[Board "12"]
[TimeControl "180+1"]
[WhiteFideId "14119846"]
[BlackFideId "13413937"]
[WhiteElo "2404"]
[BlackElo "2553"]
[WhiteTeam "UKR"]
[BlackTeam "AZE"]
[WhiteClock "0:00:02"]
[BlackClock "0:00:30"]

1. d4 Nf6 2. c4 g6 3. Nc3 Bg7 4. e4 d6 5. f3 Nc6 6. Nge2 a6 7. Be3 Rb8 8. Rc1 Bd7 9. Qd2 b5 10. Nf4 b4 11. Ncd5 e5 12. dxe5 Nxe5 13. Nxf6+ Bxf6 14. Nd5 Bg7 15. Be2 O-O 16. O-O c6 17. Nf4 f5 18. Qxd6 Nf7 19. Qd2 fxe4 20. fxe4 Ng5 21. Nxg6 Rxf1+ 22. Rxf1 Nxe4 23. Qc2 Qe8 24. Bd3 hxg6 25. Bxe4 Bf5 26. Rf4 Bh6 27. Rxf5 Bxe3+ 28. Rf2 Qe5 29. Bf3 Kg7 30. Qd3 Bc5 31. Qd7+ Kg8 32. Qxc6 Qe1# 0-1

[Event "December 19 Early 2023"]
[Site "https://www.chess.com"]
[Date "2023.12.19"]
[Round "2"]
[White "Keymer, Vincent"]
[Black "Ambartsumova, Karina"]
[Result "1-0"]
[Board "13"]
[TimeControl "180+1"]
[WhiteFideId "12940690"]
[BlackFideId "4166299"]
[WhiteElo "2629"]
[BlackElo "2240"]
[WhiteTeam "GER"]
[BlackTeam "RUS"]
[WhiteClock "0:01:24"]
[BlackClock "0:00:14"]

1. a3 e5 2. c4 f5 3. b4 Nf6 4. Bb2 d6 5. e3 Be7 6. d3 O-O 7. Nf3 Kh8 8. Be2 Be6 9. O-O Nbd7 10. Nc3 c6 11. Rc1 a6 12. h3 Rc8 13. Nb1 b5 14. Nbd2 Nb6 15. c5 Na4 16. cxd6 Nxb2 17. dxe7 Qxe7 18. Qc2 Na4 19. Nxe5 c5 20. Qb1 Qd6 21. Nef3 cxb4 22. Qxb4 Qxb4 23. axb4 Nc3 24. Nd4 Bd7 25. N2b3 Nfd5 26. Nc5 Be8 27. Bf3 a5 28. Nce6 Rf6 29. Bxd5 1-0

[Event "December 19 Early 2023"]
[Site "https://www.chess.com"]
[Date "2023.12.19"]
[Round "2"]
[White "Tokhirjonova, Gulrukhbegim"]
[Black "Zemlyanskii, Ivan"]
[Result "0-1"]
[Board "14"]
[TimeControl "180+1"]
[WhiteFideId "14203626"]
[BlackFideId "24249971"]
[WhiteElo "2265"]
[BlackElo "2418"]
[WhiteTeam "USA"]
[BlackTeam "RUS"]
[WhiteClock "0:00:09"]
[BlackClock "0:00:26"]

1. e4 c5 2. Nf3 e6 3. Nc3 Nc6 4. d4 cxd4 5. Nxd4 Nf6 6. Nxc6 bxc6 7. e5 Nd5 8. Ne4 Qc7 9. f4 Rb8 10. a3 Qb6 11. Qf3 Be7 12. Bd3 Ba6 13. c4 f5 14. exf6 Nxf6 15. Be3 Qb3 16. Nxf6+ Bxf6 17. Qh5+ g6 18. Qe2 Qxb2 19. Rd1 Qxe2+ 20. Kxe2 Rb3 21. a4 Kf7 22. Bxa7 Ra8 23. Bc5 Bc8 24. Rb1 Rxb1 25. Rxb1 Rxa4 26. Rb8 Ba6 27. Rf8+ Kg7 28. Ra8 Ra2+ 29. Ke3 Bxc4 30. Bxc4 Rxa8 31. g4 Ra4 32. Bd3 Kf7 33. g5 Be7 34. Bd4 Bd6 35. Be5 Bxe5 36. fxe5 Rh4 0-1

[Event "December 19 Early 2023"]
[Site "https://www.chess.com"]
[Date "2023.12.19"]
[Round "2"]
[White "Deac, Bogdan-Daniel"]
[Black "Nasir, Zehn"]
[Result "1-0"]
[Board "15"]
[TimeControl "180+1"]
[WhiteFideId "1226380"]
[BlackFideId "2613239"]
[WhiteElo "2641"]
[BlackElo "2004"]
[WhiteTeam "ROU"]
[BlackTeam "CAN"]
[WhiteClock "0:00:08"]
[BlackClock "0:00:07"]

1. b3 d5 2. Bb2 Nf6 3. e3 c5 4. Nf3 Nc6 5. Bb5 Bd7 6. O-O e6 7. Bxc6 Bxc6 8. Ne5 Bd6 9. Nxc6 bxc6 10. d3 O-O 11. Nd2 a5 12. e4 Qc7 13. Bxf6 gxf6 14. Qh5 Kh8 15. Qh4 Be5 16. Rae1 Rg8 17. Re3 Rg7 18. Rh3 a4 19. f4 Bd4+ 20. Kh1 axb3 21. Nxb3 Bb2 22. Nxc5 Rxa2 23. f5 Bd4 24. Nb3 Be5 25. d4 Bd6 26. e5 Bxe5 27. dxe5 Qxe5 28. fxe6 fxe6 29. Qf2 Qe4 30. Rc3 d4 31. Nxd4 c5 32. Rxc5 Ra4 33. Rc8+ Rg8 34. Qxf6# 1-0

[Event "December 19 Early 2023"]
[Site "https://www.chess.com"]
[Date "2023.12.19"]
[Round "2"]
[White "Skatchkov, Valery"]
[Black "Sarana, Alexey"]
[Result "0-1"]
[Board "16"]
[TimeControl "180+1"]
[WhiteFideId "24195812"]
[BlackFideId "24133795"]
[WhiteElo "2320"]
[BlackElo "2707"]
[WhiteTeam "RUS"]
[BlackTeam "SRB"]
[WhiteClock "0:00:24"]
[BlackClock "0:01:45"]

1. d4 Nf6 2. c4 e6 3. Nf3 d5 4. g3 Bb4+ 5. Bd2 Be7 6. Bg2 c6 7. Qc2 Nbd7 8. h4 b6 9. Bf4 Ba6 10. Nbd2 Rc8 11. Qa4 Bxc4 12. Nxc4 b5 13. Qxa7 bxc4 14. O-O O-O 15. b3 cxb3 16. axb3 c5 17. Rac1 Ne4 18. Ne5 Nxe5 19. Bxe5 Nd2 20. dxc5 Nxb3 21. Rc3 Nxc5 22. Rfc1 Ra8 23. Qc7 Qxc7 24. Bxc7 Na4 25. Rb3 Rfc8 26. e4 Nc5 27. Rbc3 Rxc7 28. exd5 exd5 29. Bxd5 Rd8 30. Ba2 g6 0-1

[Event "December 19 Early 2023"]
[Site "https://www.chess.com"]
[Date "2023.12.19"]
[Round "2"]
[White "Tabatabaei, M. Amin"]
[Black "Lund, Gunnar"]
[Result "1-0"]
[Board "17"]
[TimeControl "180+1"]
[WhiteFideId "12521213"]
[BlackFideId "1520814"]
[WhiteElo "2573"]
[BlackElo "2233"]
[WhiteTeam "IRI"]
[BlackTeam "NOR"]
[WhiteClock "0:00:10"]
[BlackClock "0:00:04"]

1. e4 d6 2. d4 Nf6 3. Nc3 e5 4. Nf3 exd4 5. Nxd4 Be7 6. Bf4 O-O 7. Qd2 a6 8. O-O-O b5 9. f3 c5 10. Nf5 Bxf5 11. exf5 Nc6 12. Kb1 Nd4 13. Ne2 Nxf5 14. g4 Nh4 15. Bg3 Nxf3 16. Qe3 Ne5 17. g5 Nfd7 18. h4 Nc4 19. Qc1 Qa5 20. Nf4 Ndb6 21. Be1 Qa4 22. Bg2 Rab8 23. Rf1 b4 24. Ka1 Ne5 25. b3 Qa3 26. Qxa3 bxa3 27. Bc3 Rfe8 28. Nd5 Bf8 29. Nxb6 Rxb6 30. Bd5 Re7 31. h5 g6 32. h6 Rb8 33. Rf6 Rd8 34. Rdf1 Rdd7 35. R6f4 Rc7 36. Kb1 Nc6 37. Ra4 Red7 38. Rxa3 Be7 39. Bxf7+ Kf8 40. Bxg6+ Kg8 41. Bf7+ Kf8 42. Be6+ Ke8 43. g6 Bf8 44. g7 Rxg7 45. hxg7 Bxg7 46. Bxg7 Rxg7 47. Rxa6 Nd4 48. Rxd6 Nb5 49. Rb6 Nc3+ 50. Kb2 Ne4 51. Bd5 Nd2 52. Rd1 1-0

[Event "December 19 Early 2023"]
[Site "https://www.chess.com"]
[Date "2023.12.19"]
[Round "2"]
[White "Ezat, Mohamed"]
[Black "Paravyan, David"]
[Result "1/2-1/2"]
[Board "18"]
[TimeControl "180+1"]
[WhiteFideId "10600906"]
[BlackFideId "4194985"]
[WhiteElo "2367"]
[BlackElo "2566"]
[WhiteTeam "EGY"]
[BlackTeam "FID"]
[WhiteClock "0:00:21"]
[BlackClock "0:00:13"]

1. d4 d5 2. c4 dxc4 3. e3 Nf6 4. Bxc4 e6 5. Nf3 c5 6. O-O Nc6 7. Qe2 cxd4 8. Rd1 d3 9. Bxd3 Bd6 10. Nc3 a6 11. Ne4 Nxe4 12. Bxe4 Qc7 13. b3 O-O 14. Bb2 Rd8 15. Rac1 h6 16. h3 Bd7 17. Nd4 Rac8 18. Nxc6 Bxc6 19. Bxc6 bxc6 20. Qxa6 Ra8 21. Qc4 Rxa2 22. Bd4 c5 23. Bxc5 Bxc5 24. Rxd8+ Qxd8 25. Qxc5 Qd2 26. Rf1 Rb2 27. Qc8+ Kh7 28. Qb7 1/2-1/2

[Event "December 19 Early 2023"]
[Site "https://www.chess.com"]
[Date "2023.12.19"]
[Round "2"]
[White "Ivic, Velimir"]
[Black "Golubev, Mikhail"]
[Result "1-0"]
[Board "19"]
[TimeControl "180+1"]
[WhiteFideId "950122"]
[BlackFideId "14100983"]
[WhiteElo "2542"]
[BlackElo "2352"]
[WhiteTeam "SRB"]
[BlackTeam "UKR"]
[WhiteClock "0:00:15"]
[BlackClock "0:00:00"]

1. e4 c5 2. Nf3 d6 3. Bc4 Nf6 4. d3 g6 5. O-O Bg7 6. c3 O-O 7. Re1 d5 8. exd5 Nxd5 9. d4 cxd4 10. Nxd4 b6 11. Nf5 Bxf5 12. Bxd5 Nd7 13. Bxa8 Qxa8 14. Bg5 Ne5 15. Bxe7 Re8 16. Bh4 Bg4 17. Qc1 Nd3 18. Rxe8+ Qxe8 19. Qe3 Qxe3 20. fxe3 Nxb2 21. Na3 Bxc3 22. Rc1 Bd2 23. Rc2 Bxe3+ 24. Bf2 Bxf2+ 25. Kxf2 Nd3+ 26. Kg3 Be6 27. Nb5 Nb4 28. Rb2 Nxa2 29. Nxa7 Nc3 30. Rxb6 h5 31. Nc6 Kg7 32. Nd4 Bd5 33. Ra6 Ne4+ 34. Kf4 Nc5 35. Rd6 Ne6+ 36. Ke5 Nxd4 37. Rxd5 Ne6 38. Rd7 Nf8 39. Ra7 Nh7 40. Ra6 Nf8 41. g3 Nd7+ 42. Kd6 Nf6 43. Ra7 Ng8 44. Kd7 Nf6+ 45. Ke7 Ng8+ 46. Kd6 Nf6 47. Ra4 Ne8+ 48. Ke7 Nf6 49. Rd4 Ng8+ 50. Kd6 Nf6 51. Rf4 Nh7 52. Ke7 f6 53. Ra4 f5 54. Ra7 Ng5 55. Rb7 Kh6 56. Kf8 Ne6+ 57. Kg8 h4 58. gxh4 Kh5 59. Rh7+ Kg4 60. Kf7 Nf4 61. Kf6 1-0

[Event "December 19 Early 2023"]
[Site "https://www.chess.com"]
[Date "2023.12.19"]
[Round "2"]
[White "Korobov, Anton"]
[Black "Sadykov, Ramil"]
[Result "1-0"]
[Board "20"]
[TimeControl "180+1"]
[WhiteFideId "14105730"]
[BlackFideId "24113590"]
[WhiteElo "2649"]
[BlackElo "2245"]
[WhiteTeam "UKR"]
[BlackTeam "FID"]
[WhiteClock "0:00:58"]
[BlackClock "0:00:01"]

1. d4 d5 2. c4 e6 3. Nc3 Be7 4. cxd5 exd5 5. Bf4 Nf6 6. e3 c6 7. Be2 a5 8. h3 Na6 9. Nf3 O-O 10. Qc2 Re8 11. O-O Bd6 12. Bg5 Nb4 13. Qd2 Bf5 14. a3 Na6 15. Rac1 h6 16. Bh4 g5 17. Bg3 Bxg3 18. fxg3 Ne4 19. Nxe4 Bxe4 20. Ne5 f6 21. Nxc6 bxc6 22. Rxc6 Nb8 23. Rcxf6 Nd7 24. Rxh6 Kg7 25. Rc6 Rf8 26. Rxf8 Qxf8 27. Rc7 Qd6 28. Qc3 Kh6 29. Rc6 1-0